 Dungeon Crawl Stone Soup version 0.30-a0-224-ge52a3cb02f (webtiles) character file.

Game seed: 10088985671770691280

795 qw the Chopper (level 7, -8/44 HPs)
             Began as a Gargoyle Fighter on Oct 9, 2022.
             Mangled by Duvessa
             ... wielding a +0 short sword
              (12 damage)
             ... on level 4 of the Dungeon.
             The game lasted 00:01:36 (3196 turns).

qw the Chopper (Gargoyle Fighter)                   Turns: 3196, Time: 00:01:36

Health: -8/44      AC: 16    Str: 21    XL:     7   Next: 89%
Magic:  7/7        EV:  5    Int:  9    God:
Gold:   325        SH:  4    Dex:  9    Spells: 6/6 levels left

rFire   . . .      SeeInvis +    Y - +1 war axe (flame)
rCold   . . .      Faith    .    c - +0 buckler
rNeg    + . .      Spirit   .    l - +0 plate armour
rPois   inf        Reflect  .    (no helmet)
rElec   +          Harm     .    (no cloak)
rCorr   +          Rampage  .    (no gloves)
Will    .....                    (no boots)
Stlth   ..........               (no amulet)
HPRegen 0.27/turn                f - ring of see invisible
MPRegen 0.10/turn                h - ring of resist corrosion

@: about to teleport
A: sickness immunity, AC +4, negative energy resistance 1, electricity
resistance, torment resistance 1, petrification resistance
a: no special abilities


You were on level 4 of the Dungeon.
You visited 1 branch of the dungeon, and saw 4 of its levels.

You collected 325 gold pieces.


Innate Abilities, Weirdness & Mutations

You are immune to sickness and miasma.
Your stone body is resilient. (AC +4)
You are immune to poison.
You resist negative energy. (rN+)
You are resistant to electric shocks. (rElec)
You are resistant to unholy torment.
You are immune to petrification.


   Skills:
 - Level 5.1 Fighting
 - Level 7.1 Axes
 + Level 3.8 Armour
 - Level 3.2 Shields


You had 6 spell levels left.
You didn't know any spells.
Your spell library was empty.

Inventory:

Hand Weapons
 Y - a +1 war axe of flaming (weapon)
Armour
 c - a +0 buckler (worn)
 l - a +0 plate armour (worn)
Jewellery
 f - a ring of see invisible (left hand)
 h - a ring of resist corrosion (right hand)
Scrolls
 e - a scroll of identify
Potions
 a - a potion of haste
 b - a potion of heal wounds {unknown}
 d - a potion of might
 g - a potion of cancellation {unknown}
 k - a potion of curing

Dungeon Overview and Level Annotations

Branches:
Dungeon (4/15)
 Temple: D:4-7

Altars:
Vehumet
Wu Jian
Xom

Annotations:
D:4 Duvessa


Message History

You hit Dowan. You burn Dowan.
Dowan is moderately wounded.
You slash Duvessa! You burn Duvessa.
Duvessa is moderately wounded.
You slash Duvessa! You burn Duvessa.
Duvessa is heavily wounded.
Duvessa hits you but does no damage.
You hit Duvessa. You burn Duvessa.
Duvessa is heavily wounded.
Duvessa says, "My weaknesses are his strengths!"
Duvessa barely misses you.
You barely miss Duvessa.
Duvessa is heavily wounded.
You hit Dowan but do no damage.
Dowan gestures at Duvessa while chanting.
Duvessa seems to speed up.
Duvessa hits you but does no damage.
You hit Duvessa but do no damage.
Duvessa is heavily wounded.
You slash Dowan! You burn Dowan. Duvessa hits you with a +0 short sword.
Dowan hits you but does no damage. Duvessa hits you but does no damage.
You hit Dowan. You burn Dowan.
You kill Dowan!
Duvessa weeps, and shakes her weapon.
Duvessa goes berserk!
You slash Duvessa! You burn Duvessa. Duvessa hits you with a +0 short sword.
Duvessa hits you but does no damage.
You hit Duvessa but do no damage.
Duvessa is severely wounded.
Duvessa hits you but does no damage. Duvessa hits you with a +0 short sword!
You completely miss Duvessa.
Duvessa is severely wounded.
Duvessa hits you with a +0 short sword! Duvessa hits you with a +0 short sword.
You hit Duvessa. You burn Duvessa.
Duvessa is almost dead.
Duvessa hits you with a +0 short sword!
3196 ||| READING scroll of teleportation.
As you read the scroll of teleportation, it crumbles to dust.
You feel strangely unstable. Duvessa hits you with a +0 short sword!
You die...

##...###..#.....#.###.#.###
#....)##..#.....#.##.#..#
#######....)##..'.._..#.#.###.#
#.......#.......#.....#..##
##.# ...####...#.#...#.....#.##
#.# #..# #...#.....#######..#
## #..# .......#...........#.#
.....##.....#..##.##.#####.#
#..####...###...@e...# #.# ....
..#.....###)#### ## )..##
###.####...)..# ...# #.##.#.#
.e ....# ... .#. # .. #. #. .
#. . .. .#


You could see Duvessa (berserk, fast).

Vanquished Creatures
  Sigmund (D:3)
  Edmund (D:4)
  A centaur (D:4)
  Dowan (D:4)
  5 orc priests (D:4)
  Ijyb (D:4)
  2 iguanas
  An orc wizard (D:4)
  5 adders
  3 worms
  2 dart slugs
  5 orcs (D:4)
  8 endoplasms
  A giant cockroach (D:1)
  3 goblins
  6 hobgoblins
  5 jackals (D:1)
  9 kobolds
  A quokka (D:2)
  12 ball pythons
  8 bats
  4 frilled lizards
  7 rats
92 creatures vanquished.

Notes
Turn   | Place    | Note
-------+----------+-------------------------------------------
     0 | D:1      | qw the Gargoyle Fighter began the quest for the Orb.
     0 | D:1      | Reached XP level 1. HP: 14/14 MP: 1/1
     0 | D:1      | 0 ||| qw: Version: 0.2-a-17-g06abaee
     0 | D:1      | 0 ||| qw: Game counter: 2278
     0 | D:1      | 0 ||| qw: Always use a shield: true
     0 | D:1      | 0 ||| qw: God list: Okawaru
     0 | D:1      | 0 ||| qw: Allow faded altars: false
     0 | D:1      | 0 ||| qw: Do Orc after D:15 true
     0 | D:1      | 0 ||| qw: Do second Lair branch before Depths: true
     0 | D:1      | 0 ||| qw: Lair rune preference: random
     0 | D:1      | 0 ||| qw: Plans: Normal, Zot:1-4, God:TSO, Crypt, Tomb,
                  | Pan, Slime:5, Hells, Abyss, Orb
     0 | D:1      | 0 ||| PLANNING D:1-11
     8 | D:1      | 8 ||| Stepping ~*~*~tactically~*~*~ (stealth).
     9 | D:1      | 9 ||| Stepping ~*~*~tactically~*~*~ (stealth).
    15 | D:1      | Reached skill level 2 in Axes
   151 | D:1      | Reached XP level 2. HP: 19/19 MP: 2/2
   154 | D:1      | 154 ||| Stepping ~*~*~tactically~*~*~ (stealth).
   194 | D:1      | 194 ||| Stepping ~*~*~tactically~*~*~ (stealth).
   195 | D:1      | 195 ||| Stepping ~*~*~tactically~*~*~ (stealth).
   327 | D:1      | 327 ||| Stepping ~*~*~tactically~*~*~ (stealth).
   419 | D:1      | 419 ||| Stepping ~*~*~tactically~*~*~ (stealth).
   425 | D:1      | Reached skill level 3 in Axes
   473 | D:1      | Reached XP level 3. HP: 23/23 MP: 3/3
   547 | D:1      | 547 ||| DROPPING +0 club.
   684 | D:1      | 684 ||| UPGRADING to +0 plate armour.
   694 | D:1      | 694 ||| DROPPING +0 scale mail.
   695 | D:1      | 695 ||| READING scroll labelled MUJ KYITHRIEMER.
   696 | D:1      | 696 ||| READING 2 scrolls labelled ACHIGI VISUTOL.
   699 | D:1      | 699 ||| READING scroll labelled WOOPLI WUDE.
   700 | D:1      | 700 ||| DROPPING +0 whip.
   701 | D:1      | 701 ||| READING scroll labelled FUXIRE HYPAU.
   702 | D:1      | 702 ||| READING scroll labelled CIUKEA QOSHOA.
   703 | D:1      | 703 ||| READING scroll labelled LOAKOEH OCYSYC.
   731 | D:2      | 731 ||| STAIRDANCE
   745 | D:2      | 745 ||| STAIRDANCE
  1030 | D:2      | 1030 ||| Stepping ~*~*~tactically~*~*~ (stealth).
  1032 | D:2      | 1032 ||| Stepping ~*~*~tactically~*~*~ (stealth).
  1037 | D:2      | Reached XP level 4. HP: 28/28 MP: 4/4
  1182 | D:2      | Reached skill level 4 in Axes
  1517 | D:2      | 1517 ||| READING scroll labelled RIMMALL FAOT.
  1518 | D:2      | 1518 ||| READING scroll labelled JOROYH VIHYDGH.
  1566 | D:3      | Noticed Sigmund
  1573 | D:3      | Killed Sigmund
  1574 | D:3      | Reached skill level 5 in Axes
  1574 | D:3      | Reached XP level 5. HP: 28/32 MP: 5/5
  1574 | D:3      | Reached XP level 6. HP: 33/37 MP: 6/6
  1581 | D:3      | 1581 ||| Stepping ~*~*~tactically~*~*~ (stealth).
  1888 | D:3      | Found a radiant altar of Vehumet.
  2004 | D:3      | Found a shimmering altar of Xom.
  2004 | D:3      | Found a shimmering altar of Xom.
  2004 | D:3      | Found a shimmering altar of Xom.
  2005 | D:3      | 2005 ||| READING scroll labelled KAWAQY IMEE.
  2006 | D:3      | 2006 ||| Stepping randomly (stuck).
  2010 | D:3      | Found a shimmering altar of Xom.
  2037 | D:3      | Found a shimmering altar of Xom.
  2079 | D:3      | 2079 ||| Stepping ~*~*~tactically~*~*~ (stealth).
  2237 | D:4      | 2237 ||| FLEEEEING.
  2240 | D:4      | 2240 ||| STAIRDANCE
  2265 | D:4      | 2265 ||| Stepping ~*~*~tactically~*~*~ (stealth).
  2407 | D:4      | Noticed Edmund
  2417 | D:4      | Killed Edmund
  2418 | D:4      | Reached skill level 6 in Axes
  2418 | D:4      | Reached XP level 7. HP: 30/44 MP: 7/7
  2443 | D:4      | 2443 ||| FLEEEEING.
  2448 | D:4      | 2448 ||| FLEEEEING.
  2473 | D:4      | 2473 ||| Stepping ~*~*~tactically~*~*~ (stealth).
  2474 | D:4      | 2474 ||| Stepping ~*~*~tactically~*~*~ (stealth).
  2476 | D:4      | 2476 ||| Stepping ~*~*~tactically~*~*~ (stealth).
  2481 | D:4      | 2481 ||| Stepping ~*~*~tactically~*~*~ (stealth).
  2484 | D:4      | 2484 ||| Stepping ~*~*~tactically~*~*~ (stealth).
  2487 | D:4      | 2487 ||| Stepping ~*~*~tactically~*~*~ (stealth).
  2497 | D:4      | 2497 ||| Stepping ~*~*~tactically~*~*~ (stealth).
  2501 | D:4      | 2501 ||| Stepping ~*~*~tactically~*~*~ (hiding).
  2502 | D:4      | 2502 ||| Stepping ~*~*~tactically~*~*~ (hiding).
  2634 | D:4      | HP: 5/44 [orc priest/divine providence (9)]
  2635 | D:4      | 2635 ||| READING 2 scrolls of teleportation.
  2639 | D:4      | 2639 ||| READING scroll of teleportation.
  2640 | D:4      | HP: 3/44 [orc priest/+0 trident (2)]
  2807 | D:4      | Found an ornate altar of the Wu Jian Council.
  2863 | D:4      | 2863 ||| Stepping ~*~*~tactically~*~*~ (stealth).
  2873 | D:4      | 2873 ||| FLEEEEING.
  2875 | D:4      | 2875 ||| FLEEEEING.
  2876 | D:4      | 2876 ||| FLEEEEING.
  2877 | D:4      | 2877 ||| FLEEEEING.
  2878 | D:4      | 2878 ||| FLEEEEING.
  2881 | D:4      | 2881 ||| STAIRDANCE
  2908 | D:3      | 2908 ||| UPGRADING to ring of see invisible.
  2909 | D:3      | 2909 ||| UPGRADING to ring of resist corrosion.
  2910 | D:3      | 2910 ||| READING scroll labelled TALLEY IFFE.
  2943 | D:3      | 2943 ||| DRINKING 2 bubbling golden potions.
  2944 | D:3      | 2944 ||| READING 2 scrolls of identify.
  2944 | D:3      | 2944 ||| IDENTIFYING green potion
  2978 | D:4      | 2978 ||| Stepping ~*~*~tactically~*~*~ (stealth).
  2983 | D:4      | 2983 ||| Stepping ~*~*~tactically~*~*~ (hiding).
  2995 | D:4      | Reached skill level 7 in Axes
  3043 | D:4      | 3043 ||| Stepping ~*~*~tactically~*~*~ (hiding).
  3044 | D:4      | 3044 ||| Stepping ~*~*~tactically~*~*~ (hiding).
  3103 | D:4      | Noticed Ijyb
  3104 | D:4      | 3104 ||| Stepping ~*~*~tactically~*~*~ (hiding).
  3112 | D:4      | Killed Ijyb
  3143 | D:4      | 3143 ||| Stepping randomly (stuck).
  3145 | D:4      | 3145 ||| Stepping randomly (stuck).
  3146 | D:4      | 3146 ||| Stepping randomly (stuck).
  3147 | D:4      | 3147 ||| Stepping randomly (stuck).
  3149 | D:4      | 3149 ||| Stepping randomly (stuck).
  3150 | D:4      | 3150 ||| Stepping randomly (stuck).
  3151 | D:4      | 3151 ||| Stepping randomly (stuck).
  3152 | D:4      | 3152 ||| Stepping randomly (stuck).
  3153 | D:4      | 3153 ||| Stepping randomly (stuck).
  3154 | D:4      | 3154 ||| Stepping randomly (stuck).
  3155 | D:4      | 3155 ||| Stepping randomly (stuck).
  3156 | D:4      | 3156 ||| Stepping randomly (stuck).
  3157 | D:4      | 3157 ||| Stepping randomly (stuck).
  3158 | D:4      | 3158 ||| Stepping randomly (stuck).
  3159 | D:4      | 3159 ||| Stepping randomly (stuck).
  3160 | D:4      | 3160 ||| Stepping randomly (stuck).
  3161 | D:4      | 3161 ||| Stepping randomly (stuck).
  3162 | D:4      | 3162 ||| Stepping randomly (stuck).
  3163 | D:4      | 3163 ||| Stepping randomly (stuck).
  3164 | D:4      | 3164 ||| Stepping randomly (stuck).
  3165 | D:4      | 3165 ||| Stepping randomly (stuck).
  3172 | D:4      | 3172 ||| Stepping ~*~*~tactically~*~*~ (stealth).
  3173 | D:4      | Noticed Dowan
  3174 | D:4      | Noticed Duvessa
  3180 | D:4      | 3180 ||| Stepping ~*~*~tactically~*~*~ (hiding).
  3192 | D:4      | Killed Dowan
  3195 | D:4      | HP: 4/44 [Duvessa/+0 short sword (8)]
  3196 | D:4      | 3196 ||| READING scroll of teleportation.
  3196 | D:4      | Mangled by Duvessa

Levels and vault maps discovered:
D:1:      dpeg_arrival_shrine, layout_basic
D:2:      layout_basic
D:3:      layout_loops_ring, xom_redecorated, lemuel_doored_altar, uniq_sigmund
D:4:      layout_loops_cross, amcnicky_altar_gilded,
          mainiacjoe_overflow_catwalk, uniq_edmund, uniq_ijyb, uniq_duvessa

Skill      XL: |  1  2  3  4  5  6  7 |
---------------+----------------------+-----
Axes           | 2 3 5 6 7 |  7.1
Fighting       | 4 5 |  5.1
Armour         | |  3.8
Shields        | |  3.2

Action                   |  1- 3 |  4- 6 |  7- 9 || total
-------------------------+-------+-------+-------++-------
Melee: War axe           |    89 |    76 |    66 ||   231
  Use: Scroll            |     6 |     3 |     5 ||    14
       Potion            |       |       |     1 ||     1
Armor: Scale mail        |    36 |       |       ||    36
       Plate armour      |     8 |    44 |    35 ||    87
Dodge: Dodged            |    37 |    19 |    10 ||    66
Block: Buckler           |    14 |    15 |    11 ||    40

Table legend:
 A = Non-vault XP
 B = Vault XP
 C = Vault XP percentage of total XP
 D = Non-vault monster count
 E = Vault monster count
 F = Vault count percentage of total count
                 A         B        C        D         E       F
            +---------+---------+-------+---------+---------+-------
      Total |     631 |     506 |  44.5 |      88 |       4 |   4.3
            +---------+---------+-------+---------+---------+-------
        D:1 |      50 |       0 |   0.0 |      31 |       0 |   0.0
        D:2 |      57 |       0 |   0.0 |      17 |       0 |   0.0
        D:3 |      88 |     239 |  73.1 |      16 |       1 |   5.9
        D:4 |     436 |     267 |  38.0 |      24 |       3 |  11.1
            +---------+---------+-------+---------+---------+-------
